Map: Magannatha LE

Players

SubN - Winner!

  • Race: Zerg Zerg
  • League: Diamond
  • Spawn Location: 5:00

Short

  • Race: Terran Terran
  • League: Platinum
  • Spawn Location: 11:00

VOD

Have the link to the VOD?

Description

Time

  • Played on: July 31, 2025, 3:14 p.m.
  • Length: 6:03
Show
View Real Time Build Order
Export as new Build Order

SubN Zerg - Winner!

Build Orders: Pool First 

Get SALT Encoding   

  12  0:00  Drone  
  13  0:12  Overlord  
  13  0:17  Drone  
  14  0:30  Drone x2  
  16  0:41  Spawning Pool  
  15  0:45  Drone  
  15  0:49  Drone  
  17  0:51  Extractor  
  16  0:57  Drone  
  17  1:14  Hatchery  
  17  1:17  Drone  
  17  1:20  Drone  
  18  1:28  Drone  
  19  1:35  Queen  
  21  1:42  Overlord  
  21  2:05  Zergling x2  
  21  2:06  Zergling x2  
  23  2:17  Drone  
  24  2:26  Drone  
  24  2:27  Queen  
  27  2:40  Roach Warren  
  27  2:43  Zergling x4  
  28  2:51  Overlord  
  28  2:52  Overlord  
  28  3:19  Roach  
  30  3:20  Roach x8  
  46  3:41  Ravager  
  47  3:55  Ravager  
  48  3:58  Zergling x8  
  48  4:00  Overlord  
  48  4:01  Overlord x2  
  52  4:27  Drone x5  
  57  4:33  Hatchery  
  54  5:01  Drone x9  
  65  5:35  Drone x6  
Show
View Real Time Build Order
Export as new Build Order

Short Terran 

Build Orders: Command Center First 

Get SALT Encoding   

  12  0:00  SCV  
  13  0:12  SCV  
  14  0:23  Supply Depot  
  14  0:25  SCV  
  15  0:45  SCV  
  16  0:57  SCV  
  17  1:06  Command Center  
  17  1:09  SCV  
  18  1:21  SCV  
  19  1:33  SCV  
  19  1:34  Barracks  
  20  1:45  SCV  
  21  1:57  SCV  
  21  2:01  Command Center  
  22  2:07  Supply Depot  
  22  2:11  SCV  
  23  2:22  Bunker  
  23  2:24  Marine  
  23  2:25  SCV x2  
  26  2:37  SCV  
  26  2:38  SCV  
  26  2:42  Refinery  
  28  2:44  Refinery  
  28  2:47  Marine  
  29  2:55  Orbital Command  
  29  2:57  Orbital Command  
  29  3:17  SCV  
  30  3:20  SCV  
  30  3:25  SCV  
  32  3:29  SCV  
  32  3:32  SCV  
  34  3:37  Supply Depot, SCV  
  35  3:43  SCV  
  35  3:44  Refinery, SCV  
  37  3:49  SCV  
  37  3:55  Factory, SCV  
  39  3:58  Barracks x2  
  39  4:06  Marine  
  39  4:07  SCV x3  
  43  4:17  Engineering Bay  
  43  4:19  SCV x3  
  43  4:23  Marine  
  47  4:34  Supply Depot  
  42  4:58  Marine x2  
  44  5:01  Factory Tech Lab  
  40  5:16  Marine x2  
  40  5:20  Siege Tank  
  42  5:34  Marine x2  
Tags
 
Add a new tag
Caveats
  • Supply blocks, unpowered buildings, or Contaminate may cause inaccurate times.
  • Supply counts are checked every 10 seconds.